 Dungeon Crawl Stone Soup version 0.21.0 (webtiles) character file.

200 zhorgal the Chopper (level 5, -3/67 HPs)
             Began as a Minotaur Berserker on Jan 5, 2018.
             Was a Believer of Trog.
             Slain by a scorpion (6 damage)
             ... on level 4 of the Dungeon.
             The game lasted 00:06:07 (2121 turns).

zhorgal the Chopper (Minotaur Berserker)            Turns: 2121, Time: 00:06:08

Health: -3/67      AC:  8    Str: 28    XL:     5   Next: 48%
Magic:  4/4        EV:  9    Int:  4    God:    Trog [**....]
Gold:   179        SH:  0    Dex:  9    Spells: 4/4 levels left

rFire    . . .     SeeInvis .   k - +0 war axe
rCold    . . .     Gourm    .   (no shield)
rNeg     . . .     Faith    .   h - +0 chain mail
rPois    .         Spirit   .   (helmet restricted)
rElec    .         Reflect  .   (no cloak)
rCorr    .         Harm     .   (no gloves)
MR       ++...                  (no boots)
Stlth    ..........             (no amulet)
HPRegen  1.21/turn              (no ring)
MPRegen  0.09/turn              (no ring)

@: berserking, lethally poisoned (-3 -> -3), regenerating, drained, very quick
A: retaliatory headbutt, horns 2
a: Berserk, Trog's Hand, Burn Spellbooks, Renounce Religion


You were on level 4 of the Dungeon.
You worshipped Trog.
Trog was pleased with you.
You were very hungry.

You visited 1 branch of the dungeon, and saw 4 of its levels.

You collected 179 gold pieces.

Inventory:

Hand Weapons
 a - a +0 hand axe
 k - a +0 war axe (weapon)
 n - a +0 hunting sling
Missiles
 o - 23 sling bullets
 t - a throwing net (quivered)
Armour
 b - a +0 animal skin
 h - a +0 chain mail (worn)
 s - a +0 shield
Jewellery
 m - a +3 ring of slaying {unknown}
Scrolls
 d - 5 scrolls of magic mapping {unknown}
 e - 4 scrolls of teleportation {unknown}
 j - 2 scrolls of identify {unknown}
 l - a scroll of amnesia {unknown}
 q - a scroll of fog {unknown}
Potions
 g - a potion of might {unknown}
 i - a potion of berserk rage {unknown}
 p - a potion of haste {unknown}
 r - 2 potions of curing {unknown}
Comestibles
 c - 8 rations
 f - 10 chunks of flesh


   Skills:
 - Level 3.6(3.2) Fighting
 * Level 7.6(7.1) Axes
 - Level 2.4(2.0) Armour
 - Level 2.1(1.7) Dodging


You had 4 spell levels left.
You didn't know any spells.

Dungeon Overview and Level Annotations

Branches:
Dungeon (4/15)
 Temple: D:4-7

Altars:
Fedhas
Ru


Innate Abilities, Weirdness & Mutations

You reflexively headbutt those who attack you in melee.
You have a pair of horns on your head.


Message History

The orc hits you but does no damage. The hound bites you but does no damage.
The scorpion closely misses you.
You barely miss the scorpion. You hit the orc. You slash the hound!
The hound bites you but does no damage. The orc hits you with a hand axe.
* * * LOW HITPOINT WARNING * * *
The scorpion stings you.
* * * LOW HITPOINT WARNING * * *
You are poisoned.
The scorpion poisons you! The hound bites you.
* * * LOW HITPOINT WARNING * * *
You take 9 damage, and have 2/45 hp.
Unknown command.
Okay, then.
Okay, then.
A red film seems to cover your vision as you go berserk!
You feel yourself moving faster!
You feel mighty!
You are feeling very hungry.
You feel sick. The orc barely misses you. The hound closely misses you.
The scorpion stings you.
You die...

...# #####...#
.......# .......#
...... #o..#
#sh$#
#@).############
#.o.#..........#
#...#.......<..#
#...#....รท.....#
+.>.#..........#
#...#..........#
#..............#
#.....(........#
#######........#


You could see a scorpion, a hound, an orc wizard and an orc.

Vanquished Creatures
  An orc priest (D:4)
  An orc wizard (D:3)
  6 adders
  3 worms
  2 dart slugs (D:2)
  2 leopard geckos
  An orc (D:4)
  A ball python (D:1)
  7 bats
  A giant cockroach (D:1)
  8 goblins
  11 hobgoblins
  9 jackals (D:1)
  5 kobolds
  A quokka (D:2)
  8 frilled lizards
  10 rats
77 creatures vanquished.

Notes
Turn   | Place    | Note
-------+----------+-------------------------------------------
     0 | D:1      | zhorgal the Minotaur Berserker began the quest for the Orb.
     0 | D:1      | Reached XP level 1. HP: 19/19 MP: 0/0
    34 | D:1      | Reached skill level 4 in Axes
   201 | D:1      | Reached XP level 2. HP: 26/26 MP: 1/1
   535 | D:1      | Reached skill level 5 in Axes
   597 | D:1      | Reached XP level 3. HP: 31/31 MP: 2/2
   920 | D:2      | Reached ** piety under Trog
   986 | D:2      | Reached skill level 6 in Axes
   986 | D:2      | Reached XP level 4. HP: 39/39 MP: 3/3
  1402 | D:2      | Found a blossoming altar of Fedhas.
  1709 | D:3      | Found a faded altar of an unknown god.
  1777 | D:3      | Reached XP level 5. HP: 45/45 MP: 4/4
  1898 | D:3      | Found a sacrificial altar of Ru.
  1907 | D:3      | Reached skill level 7 in Axes
  2120 | D:4      | HP: 2/45 [hound (1)]
  2121 | D:4      | Slain by a scorpion

Skill      XL: |  1  2  3  4  5 |
---------------+----------------+-----
Axes           | 4 5 6 7 |  7.6
Fighting       | |  3.6
Armour         | |  2.4
Dodging        | |  2.1

Action                   |  1- 3 |  4- 6 || total
-------------------------+-------+-------++-------
Melee: Hand axe          |    69 |       ||    69
       Headbutt          |    11 |    12 ||    23
       War axe           |     7 |    70 ||    77
Invok: Berserk           |       |     1 ||     1
       Trog's Hand       |       |     1 ||     1
  Eat: Chunk             |       |     4 ||     4
Armor: Animal skin       |    15 |       ||    15
       Chain mail        |    23 |    42 ||    65
Dodge: Dodged            |    50 |    39 ||    89
